 Dungeon Crawl Stone Soup version 0.30-a0-377-g5cb311bc9f (webtiles) character file.

Game seed: 5240500986351719426

74 PyroL the Grave Robber (level 4, -4/30 HPs)
             Began as a Demonspawn Necromancer on Nov 30, 2022.
             Slain by a gnoll bouda
             ... wielding a +0 club
              (9 damage)
             ... on level 4 of the Dungeon.
             The game lasted 00:05:22 (2334 turns).

PyroL the Grave Robber (Demonspawn Necromancer)     Turns: 2334, Time: 00:05:22

Health: -4/30      AC:  2    Str:  8    XL:     4   Next: 9%
Magic:  1/8        EV: 12    Int: 19    God:
Gold:   130        SH:  0    Dex: 13    Spells: 1/9 levels left

rFire   . . .      SeeInvis .    d - +0 spear
rCold   . . .      Faith    .    (no shield)
rNeg    + . .      Spirit   .    a - +0 robe
rPois   .          Reflect  .    (no helmet)
rElec   .          Harm     .    (no cloak)
rCorr   .          Rampage  .    (no gloves)
Will    .....                    (no boots)
Stlth   ++........               (no amulet)
HPRegen 0.25/turn                n - ring of positive energy
MPRegen 0.11/turn                (no ring)

@: animating dead
A: weakness stinger 1
a: no special abilities


You were on level 4 of the Dungeon.
You visited 1 branch of the dungeon, and saw 4 of its levels.

You collected 130 gold pieces.

Inventory:

Hand Weapons
 d - a +0 spear (weapon)
Armour
 a - a +0 robe (worn)
Jewellery
 n - a ring of positive energy (left hand)
Scrolls
 e - 2 scrolls of identify {unknown}
 f - a scroll of summoning {unknown}
 j - 2 scrolls of acquirement {unknown}
 k - 2 scrolls of teleportation {unknown}
Potions
 b - a potion of magic
 c - a potion of brilliance {unknown}
 g - a potion of curing {unknown}
 h - a potion of resistance {unknown}
 i - a potion of cancellation {unknown}
 l - a potion of degeneration {unknown}
 m - a potion of lignification {unknown}


   Skills:
 - Level 1.7 Dodging
 - Level 1.7 Stealth
 + Level 3.2 Spellcasting
 + Level 5.4 Necromancy


You had one spell level left.
You knew the following spells:

 Your Spells              Type           Power      Damage    Failure   Level
a - Necrotise             Necr           92%        1d8       1%          1
b - Vampiric Draining     Necr           23%        2d7       4%          3
c - Animate Dead          Necr           23%        N/A       16%         4

Your spell library contained the following spells:

 Spells                   Type           Power      Damage    Failure   Level
 Shock                    Conj/Air       12%        1d3       16%         1
 Ozocubu's Armour         Ice            3%         N/A       41%         3
 Swiftness                Air            3%         N/A       41%         3
 Agony                    Necr           23%        N/A       41%         5
 Airstrike                Air            1%         2d(1-17)  83%         4
 Ozocubu's Refrigeration  Ice            1%         4d7       100%        7


Dungeon Overview and Level Annotations

Branches:
Dungeon (4/15)
 Temple: D:4-7

Altars:

Shops:
D:1 [   D:2 (

Annotations:
D:3 Ijyb


Innate Abilities, Weirdness & Mutations

You have a small tail.


Message History

The gnoll bouda writhes in agony.
The gnoll bouda barely resists.
Casting: Necrotise (safe; 1% risk of failure)
Confirm with . or Enter, or press ? or * to list all spells.
The spell is extremely dangerous to miscast (16% risk of failure)!
Continue anyway?
You call upon the dead to rise.
You reach to attack!
You hit the gnoll bouda but do no damage.
The gnoll bouda is lightly wounded.
You barely miss the gnoll bouda.
The gnoll bouda is lightly wounded.
The gnoll bouda hits you with a +0 club.
You hit the gnoll bouda.
The gnoll bouda is moderately wounded.
The gnoll bouda hits you with a +0 club.
You hit the gnoll bouda but do no damage.
The gnoll bouda is moderately wounded.
The gnoll bouda barely misses you.
The gnoll bouda writhes in agony!
The gnoll bouda hits you with a +0 club.
The gnoll bouda writhes in agony.
The gnoll bouda hits you with a +0 club!
* * * LOW HITPOINT WARNING * * *
You hit the gnoll bouda but do no damage.
You tail-slap the gnoll bouda.
The gnoll bouda is almost dead.
The gnoll bouda prays to its god.
The gnoll bouda is healed somewhat.
You barely miss the gnoll bouda.
The gnoll bouda is severely wounded.
The gnoll bouda hits you with a +0 club.
* * * LOW HITPOINT WARNING * * *
You barely miss the gnoll bouda.
The gnoll bouda is severely wounded.
The gnoll bouda hits you with a +0 club.
* * * LOW HITPOINT WARNING * * *
You hit the gnoll bouda but do no damage.
The gnoll bouda is severely wounded.
The gnoll bouda hits you with a +0 club!
You die...

#.... #....##
.....# ....#
...# ..#
######g#######
##.....@#.....#.
............?...
##......#.....##
###.#....##...##
.........###.##
##....<........
##############


You could see a gnoll bouda.

Vanquished Creatures
  2 adders
  4 worms (D:2)
  2 dart slugs
  3 ball pythons
  An endoplasm (D:2)
  3 goblins
  4 hobgoblins
  10 kobolds
  2 quokkas (D:2)
  5 bats
  2 rats
38 creatures vanquished.

Notes
Turn   | Place    | Note
-------+----------+-------------------------------------------
     0 | D:1      | PyroL the Demonspawn Necromancer began the quest for the
                  | Orb.
     0 | D:1      | Reached XP level 1. HP: 13/13 MP: 3/3
   271 | D:1      | Gained mutation: You have a small tail. [demonic ancestry]
   271 | D:1      | Reached XP level 2. HP: 19/19 MP: 3/5
   620 | D:1      | Found Pemot's Antique Armour Boutique.
   756 | D:2      | Found Lecsedgh's Antique Weapon Shoppe.
   999 | D:2      | Reached skill level 5 in Necromancy
   999 | D:2      | Reached XP level 3. HP: 8/24 MP: 0/7
  1591 | D:2      | Learned a level 3 spell: Vampiric Draining
  2004 | D:3      | Reached XP level 4. HP: 30/30 MP: 4/8
  2015 | D:3      | Learned a level 4 spell: Animate Dead
  2124 | D:3      | Noticed Ijyb
  2334 | D:4      | Slain by a gnoll bouda

Illustrated notes

Levels and vault maps discovered:
D:1:      dpeg_arrival_rooms_a, layout_basic, serial_shops,
          nicolae_shop_advertising_works [nicolae_subvault_shop_adworks]
D:2:      layout_basic, serial_shops, nicolae_shop_waterfront
D:3:      layout_basic, uniq_grinder, uniq_ijyb
D:4:      minmay_opposing_rooms, layout_loops_ring, grunt_dithmenos_smoke,
          biasface_ghost_orc_armoury, nrook_mini_backslash

Skill      XL: |  1  2  3 |
---------------+----------+-----
Necromancy     | 5 |  5.4
Spellcasting   | 3 |  3.2
Dodging        | |  1.7
Stealth        | |  1.7

Action                   |  1- 3 |  4- 6 || total
-------------------------+-------+-------++-------
Melee: Whip              |     6 |       ||     6
       Spear             |    98 |    20 ||   118
       Tailslap          |    13 |     2 ||    15
       Punch             |     2 |       ||     2
 Cast: Necrotise         |    51 |     7 ||    58
       Animate Dead      |       |     1 ||     1
 Stab: Sleeping          |     5 |       ||     5
Armor: Robe              |    21 |     3 ||    24
Dodge: Dodged            |    66 |    15 ||    81

Table legend: (Time is in decaauts)
 A = Elapsed time spent in this place.
 B = Non-inter-level travel time spent in this place.
 C = Inter-level travel time spent in this place.
 D = Time resting spent in this place.
 E = Time spent auto-exploring this place.
 F = Levels seen in this place.
 G = Mean time per level.
                   A        B        C        D        E       F      G
               +--------+--------+--------+--------+--------+-----+--------+
         Total |   2345 |   2316 |     29 |    388 |   1482 |   4 |  586.2 |
       Dungeon |   2345 |   2316 |     29 |    388 |   1482 |   4 |  586.2 |
               +--------+--------+--------+--------+--------+-----+--------+

Top non-repeatable levels by time:
     D:2: 1184 daAuts
     D:1: 794 daAuts
     D:3: 193 daAuts
     D:4: 173 daAuts
